1919 views
Uploaded 2023-02-10 03:04:10
Game version 1.35 (6115)
32:23 long 3on3 ladder game on (6)TimbermawHold
Saved by GIGA
1919 views
Uploaded 2023-02-10 03:04:10
Game version 1.35 (6115)
32:23 long 3on3 ladder game on (6)TimbermawHold


234 units @ 27.6k
/ 3k
124 buildings @ 21.1k
/ 8.7k


x1)
| Healing Salve | 2 | 200 |
| Scroll of Speed | 2 | 100 |
| Potion of Mana | 9 | 1800 |
| Scroll of Town Portal | 3 | 1050 |
| Scroll of Healing | 3 | 750 |
| Tome of Retraining | 2 | 600 |
| Orb of Corruption | 1 | 375 |
| total: | 22 | 4875g |
| Peon | 17 | 1275 | / | 0 |
| Troll Headhunter | 11 | 1540 | / | 220 |
| Troll Berserker | 12 | 1680 | / | 240 |
| Kodo Beast | 2 | 510 | / | 120 |
| Troll Batrider | 6 | 960 | / | 240 |
| Troll Witch Doctor | 7 | 1015 | / | 175 |
| Raider | 3 | 540 | / | 120 |
| Demolisher | 7 | 1540 | / | 350 |
| total: | 65 | 9060g | / | 1465w |
| Watch Tower | 15 | 1650 | / | 1200 |
| Altar of Storms | 1 | 180 | / | 50 |
| Orc Burrow | 7 | 1120 | / | 280 |
| War Mill | 1 | 205 | / | 0 |
| Barracks | 4 | 720 | / | 200 |
| Voodoo Lounge | 1 | 130 | / | 30 |
| Great Hall | 2 | 770 | / | 370 |
| Beastiary | 3 | 435 | / | 420 |
| Spirit Lodge | 1 | 150 | / | 150 |
| Stronghold | 1 | 315 | / | 190 |
| Fortress | 1 | 325 | / | 190 |
| total: | 35 | 5360g | / | 2700w |
| 0:02 | Peon |
| 0:02 | Peon |
| 0:05 | Altar of Storms |
| 0:11 | Peon |
| 0:14 | Orc Burrow |
| 0:24 | Peon |
| 0:49 | War Mill |
| 1:03 | Barracks |
| 1:13 | Peon |
| 1:18 | Peon |
| 1:39 | Orc Burrow |
| 1:44 | Peon |
| 2:04 | Troll Headhunter |
| 2:04 | Troll Headhunter |
| 2:09 | Voodoo Lounge |
| 2:22 | Troll Headhunter |
| 2:23 | Troll Headhunter |
| 2:30 | War Stomp |
| 2:40 | Troll Headhunter |
| 3:05 | Troll Headhunter |
| 3:13 | Healing Salve |
| 3:13 | Healing Salve |
| 3:45 | Stronghold |
| 4:03 | Endurance Aura |
| 4:14 | Troll Headhunter |
| 4:16 | Orc Burrow |
| 4:36 | Troll Headhunter |
| 4:41 | Steel Ranged Weapons |
| 5:03 | Scroll of Speed |
| 5:08 | Troll Headhunter |
| 5:36 | Troll Headhunter |
| 5:59 | Troll Headhunter |
| 6:13 | Fortress |
| 6:14 | Thorium Ranged Weapons |
| 6:27 | War Stomp |
| 7:21 | Scroll of Town Portal |
| 7:21 | Scroll of Town Portal |
| 7:30 | Steel Armor |
| 7:35 | Beastiary |
| 7:58 | Potion of Mana |
| 7:59 | Scroll of Speed |
| 8:14 | Endurance Aura |
| 8:25 | Orc Burrow |
| 8:45 | Hex |
| 8:53 | Scroll of Healing |
| 8:53 | Scroll of Healing |
| 8:53 | Scroll of Healing |
| 9:20 | Berserker Upgrade |
| 9:23 | Arcanite Ranged Weapons |
| 9:46 | Tome of Retraining |
| 9:46 | Tome of Retraining |
| 9:46 | Retrain Hero |
| 9:47 | Shockwave |
| 9:48 | Endurance Aura |
| 9:48 | Endurance Aura |
| 9:58 | Great Hall |
| 10:18 | Potion of Mana |
| 10:24 | Potion of Mana |
| 10:24 | Potion of Mana |
| 10:39 | Troll Berserker |
| 11:06 | Kodo Beast |
| 11:17 | War Drums Damage Increase |
| 12:01 | Peon |
| 12:17 | Peon |
| 12:17 | Peon |
| 12:17 | Peon |
| 12:23 | Peon |
| 12:23 | Peon |
| 12:26 | Watch Tower |
| 12:51 | Orc Burrow |
| 13:09 | Peon |
| 13:11 | Peon |
| 13:24 | Watch Tower |
| 13:32 | Thorium Armor |
| 13:40 | Beastiary |
| 13:47 | Beastiary |
| 13:51 | Troll Batrider |
| 13:58 | Watch Tower |
| 14:05 | Reinforced Defenses |
| 14:44 | Watch Tower |
| 14:48 | Peon |
| 14:53 | Kodo Beast |
| 14:57 | Troll Batrider |
| 15:11 | Spiked Barricades |
| 15:38 | Troll Berserker |
| 15:40 | Troll Batrider |
| 15:45 | Watch Tower |
| 16:05 | Spirit Lodge |
| 16:35 | Peon |
| 16:55 | Watch Tower |
| 17:01 | Troll Batrider |
| 17:54 | Troll Witch Doctor |
| 17:56 | Troll Batrider |
| 18:02 | Healing Wave |
| 18:27 | Troll Batrider |
| 18:28 | Witch Doctor Adept Training |
| 19:04 | Troll Berserker |
| 19:12 | Troll Berserker |
| 19:15 | Raider |
| 19:18 | Shockwave |
| 19:39 | Liquid Fire |
| 19:53 | Troll Berserker |
| 20:03 | Witch Doctor Master Training |
| 20:07 | Healing Wave |
| 20:17 | Watch Tower |
| 20:40 | Watch Tower |
| 21:00 | Watch Tower |
| 21:09 | Troll Berserker |
| 21:12 | Ensnare |
| 21:14 | Orc Burrow |
| 21:57 | Troll Witch Doctor |
| 22:30 | Troll Witch Doctor |
| 22:31 | Troll Berserker |
| 22:33 | Raider |
| 22:56 | Great Hall |
| 22:59 | Orc Burrow |
| 23:25 | Watch Tower |
| 23:35 | Scroll of Town Portal |
| 23:35 | Potion of Mana |
| 23:35 | Potion of Mana |
| 23:35 | Potion of Mana |
| 23:36 | Potion of Mana |
| 23:42 | Orb of Corruption |
| 23:42 | Potion of Mana |
| 24:00 | Troll Berserker |
| 24:01 | Troll Witch Doctor |
| 24:25 | Watch Tower |
| 24:32 | Watch Tower |
| 24:35 | Watch Tower |
| 24:37 | Watch Tower |
| 24:38 | Watch Tower |
| 24:45 | Troll Witch Doctor |
| 25:22 | Demolisher |
| 25:27 | Barracks |
| 25:28 | Barracks |
| 26:01 | Improved Spiked Barricades |
| 26:38 | Burning Oil |
| 26:47 | Barracks |
| 27:22 | Demolisher |
| 27:25 | Demolisher |
| 28:02 | Demolisher |
| 28:09 | Demolisher |
| 28:43 | Hex |
| 28:49 | Troll Berserker |
| 28:50 | Demolisher |
| 29:31 | Reincarnation |
| 29:45 | Raider |
| 29:47 | Troll Berserker |
| 29:50 | Demolisher |
| 29:54 | Healing Wave |
| 30:22 | Troll Witch Doctor |
| 30:23 | Troll Witch Doctor |
| 30:24 | Troll Berserker |
| 30:24 | Troll Berserker |
| 31:35 | Endurance Aura |
| 32:21 | Big Bad Voodoo |
| Select group | 1844 |
| Right click | 1465 |
| Select | 772 |
| Assign group | 219 |
| Misc. action | 193 |
| Build/train/purchase | 177 |
| Use ability | 52 |
| Item give/drop | 7 |
| Esc | 6 |

| Orb of Corruption | 1 | 375 |
| Potion of Healing | 1 | 150 |
| total: | 2 | 525g |
| Acolyte | 9 | 675 | / | 0 |
| Ghoul | 16 | 1920 | / | 0 |
| Meat Wagon | 7 | 1610 | / | 350 |
| Necromancer | 15 | 2175 | / | 300 |
| Obsidian Statue | 4 | 800 | / | 140 |
| total: | 51 | 7180g | / | 790w |
| Nerubian Tower | 1 | 100 | / | 20 |
| Crypt | 2 | 400 | / | 100 |
| Altar of Darkness | 1 | 180 | / | 50 |
| Ziggurat | 8 | 1200 | / | 400 |
| Graveyard | 1 | 215 | / | 0 |
| Tomb of Relics | 1 | 130 | / | 30 |
| Temple of the Damned | 3 | 465 | / | 420 |
| Slaughterhouse | 2 | 280 | / | 270 |
| Halls of the Dead | 1 | 320 | / | 210 |
| Black Citadel | 2 | 650 | / | 460 |
| total: | 18 | 2870g | / | 1270w |
| 0:06 | Acolyte |
| 0:06 | Acolyte |
| 0:07 | Acolyte |
| 0:54 | Crypt |
| 0:56 | Crypt |
| 0:58 | Altar of Darkness |
| 1:02 | Ziggurat |
| 1:30 | Graveyard |
| 1:37 | Ziggurat |
| 1:57 | Ghoul |
| 2:01 | Ghoul |
| 2:01 | Ghoul |
| 2:16 | Ghoul |
| 2:27 | Ghoul |
| 2:36 | Ghoul |
| 2:36 | Ghoul |
| 2:48 | Ghoul |
| 2:48 | Ghoul |
| 3:04 | Ziggurat |
| 3:15 | Ghoul |
| 3:29 | Vampiric Aura |
| 3:37 | Ghoul |
| 3:48 | Unholy Strength |
| 3:49 | Improved Unholy Strength |
| 4:03 | Ghoul |
| 4:45 | Carrion Swarm |
| 5:02 | Nerubian Tower |
| 5:04 | Halls of the Dead |
| 5:05 | Unholy Armor |
| 5:06 | Ghoul |
| 5:50 | Ghoul |
| 6:02 | Ziggurat |
| 6:42 | Vampiric Aura |
| 7:26 | Ghoul |
| 7:29 | Improved Unholy Armor |
| 7:30 | Advanced Unholy Strength |
| 7:33 | Black Citadel |
| 9:36 | Temple of the Damned |
| 9:40 | Temple of the Damned |
| 9:55 | Acolyte |
| 9:55 | Acolyte |
| 9:56 | Acolyte |
| 9:56 | Acolyte |
| 9:56 | Acolyte |
| 10:04 | Slaughterhouse |
| 10:07 | Advanced Unholy Armor |
| 10:11 | Ghoul Frenzy |
| 10:14 | Ghoul |
| 10:41 | Necromancer Adept Training |
| 10:47 | Skeletal Mastery |
| 10:59 | Temple of the Damned |
| 11:12 | Exhume Corpses |
| 11:13 | Meat Wagon |
| 11:22 | Tomb of Relics |
| 11:31 | Necromancer Master Training |
| 11:32 | Necromancer |
| 11:38 | Ziggurat |
| 11:42 | Ziggurat |
| 11:45 | Ziggurat |
| 12:39 | Meat Wagon |
| 12:41 | Obsidian Statue |
| 12:45 | Necromancer |
| 12:49 | Slaughterhouse |
| 12:59 | Ziggurat |
| 13:09 | Necromancer |
| 13:40 | Necromancer |
| 13:54 | Obsidian Statue |
| 14:11 | Meat Wagon |
| 14:52 | Orb of Corruption |
| 14:53 | Potion of Healing |
| 16:07 | Acolyte |
| 17:11 | Carrion Swarm |
| 17:19 | Necromancer |
| 17:20 | Necromancer |
| 18:25 | Carrion Swarm |
| 19:15 | Necromancer |
| 21:47 | Necromancer |
| 21:53 | Obsidian Statue |
| 21:53 | Obsidian Statue |
| 22:31 | Necromancer |
| 23:29 | Meat Wagon |
| 23:32 | Meat Wagon |
| 23:33 | Necromancer |
| 23:36 | Necromancer |
| 23:36 | Necromancer |
| 24:41 | Meat Wagon |
| 24:44 | Meat Wagon |
| 29:33 | Inferno |
| 29:39 | Necromancer |
| 30:24 | Necromancer |
| 31:09 | Necromancer |
| Right click | 981 |
| Select | 562 |
| Select group | 251 |
| Assign group | 169 |
| Build/train/purchase | 131 |
| Misc. action | 100 |
| Use ability | 79 |

| Lesser Clarity Potion | 3 | 210 |
| Potion of Healing | 2 | 300 |
| Staff of Preservation | 1 | 150 |
| Scroll of Town Portal | 2 | 700 |
| Periapt of Vitality | 2 | 650 |
| total: | 10 | 2010g |
| Wisp | 68 | 4080 | / | 0 |
| Archer | 29 | 3770 | / | 290 |
| Hippogryph | 20 | 3200 | / | 400 |
| Chimaera | 1 | 330 | / | 70 |
| total: | 118 | 11380g | / | 760w |
| Ancient Protector | 7 | 945 | / | 560 |
| Altar of Elders | 1 | 180 | / | 50 |
| Moon Well | 46 | 8280 | / | 1840 |
| Ancient of War | 1 | 150 | / | 60 |
| Ancient of Wonders | 4 | 360 | / | 120 |
| Hunter's Hall | 1 | 210 | / | 100 |
| Tree of Life | 6 | 2040 | / | 1110 |
| Ancient of Wind | 2 | 300 | / | 280 |
| Chimaera Roost | 3 | 420 | / | 570 |
| Tree of Ages | 2 | 640 | / | 360 |
| Tree of Eternity | 1 | 330 | / | 200 |
| total: | 71 | 12885g | / | 4690w |
| 0:03 | Wisp |
| 0:03 | Wisp |
| 0:03 | Wisp |
| 0:03 | Wisp |
| 0:10 | Wisp |
| 0:10 | Wisp |
| 0:20 | Altar of Elders |
| 0:35 | Moon Well |
| 0:48 | Ancient of War |
| 0:57 | Wisp |
| 0:58 | Wisp |
| 0:58 | Wisp |
| 0:58 | Wisp |
| 1:07 | Wisp |
| 1:07 | Wisp |
| 1:10 | Wisp |
| 1:16 | Wisp |
| 1:43 | Moon Well |
| 1:47 | Wisp |
| 1:47 | Wisp |
| 1:48 | Wisp |
| 1:56 | Archer |
| 2:13 | Ancient of Wonders |
| 2:15 | Archer |
| 2:25 | Moon Well |
| 2:39 | Force of Nature |
| 2:51 | Archer |
| 2:52 | Wisp |
| 2:52 | Wisp |
| 2:52 | Wisp |
| 3:19 | Archer |
| 4:04 | Tree of Ages |
| 4:25 | Hunter's Hall |
| 4:27 | Archer |
| 4:41 | Lesser Clarity Potion |
| 4:41 | Lesser Clarity Potion |
| 4:41 | Lesser Clarity Potion |
| 4:47 | Archer |
| 5:01 | Archer |
| 5:19 | Archer |
| 5:28 | Entangling Roots |
| 5:52 | Tree of Life |
| 6:12 | Strength of the Moon |
| 6:22 | Archer |
| 6:26 | Ancient of Wind |
| 6:27 | Ancient of Wind |
| 6:29 | Ultravision |
| 6:30 | Improved Bows |
| 6:51 | Nature's Blessing |
| 7:25 | Entangling Roots |
| 7:25 | Entangling Roots |
| 7:37 | Hippogryph |
| 8:03 | Improved Strength of the Moon |
| 8:05 | Wisp |
| 8:06 | Wisp |
| 8:06 | Wisp |
| 8:06 | Wisp |
| 8:06 | Wisp |
| 8:06 | Wisp |
| 8:34 | Hippogryph |
| 9:03 | Force of Nature |
| 9:11 | Hippogryph |
| 9:44 | Tree of Life |
| 10:52 | Wisp |
| 10:52 | Wisp |
| 10:52 | Wisp |
| 10:53 | Wisp |
| 10:53 | Wisp |
| 10:53 | Wisp |
| 10:53 | Wisp |
| 10:53 | Wisp |
| 11:10 | Moon Well |
| 11:11 | Moon Well |
| 11:20 | Ancient Protector |
| 11:24 | Hippogryph |
| 11:25 | Moon Armor |
| 11:26 | Tree of Eternity |
| 11:28 | Archer |
| 11:35 | Ancient Protector |
| 11:38 | Ancient Protector |
| 12:01 | Scroll of Town Portal |
| 12:01 | Potion of Healing |
| 12:02 | Staff of Preservation |
| 12:18 | Ancient of Wonders |
| 12:20 | Ancient Protector |
| 12:21 | Periapt of Vitality |
| 12:40 | Wisp |
| 12:40 | Wisp |
| 12:40 | Wisp |
| 12:42 | Ancient Protector |
| 12:44 | Archer |
| 12:46 | Hippogryph |
| 12:49 | Moon Well |
| 13:04 | Ancient Protector |
| 13:10 | Improved Moon Armor |
| 13:17 | Ancient Protector |
| 13:40 | Moon Well |
| 13:41 | Moon Well |
| 13:48 | Moon Well |
| 13:57 | Hippogryph |
| 14:00 | Marksmanship |
| 14:07 | Wisp |
| 14:08 | Wisp |
| 14:08 | Wisp |
| 14:28 | Wisp |
| 14:33 | Wisp |
| 14:33 | Wisp |
| 14:33 | Wisp |
| 14:33 | Wisp |
| 14:35 | Well Spring |
| 14:37 | Wisp |
| 14:38 | Wisp |
| 14:42 | Archer |
| 14:49 | Moon Well |
| 14:55 | Moon Well |
| 15:02 | Hippogryph |
| 15:17 | Moon Well |
| 15:20 | Moon Well |
| 15:26 | Archer |
| 15:48 | Moon Well |
| 15:51 | Moon Well |
| 15:58 | Hippogryph |
| 16:24 | Hippogryph |
| 16:25 | Advanced Strength of the Moon |
| 16:38 | Archer |
| 17:01 | Archer |
| 17:16 | Archer |
| 17:16 | Archer |
| 17:24 | Tree of Life |
| 17:45 | Entangling Roots |
| 18:02 | Wisp |
| 18:02 | Wisp |
| 18:02 | Wisp |
| 18:03 | Wisp |
| 18:03 | Wisp |
| 18:22 | Tree of Life |
| 18:27 | Wisp |
| 18:27 | Wisp |
| 18:28 | Wisp |
| 18:28 | Wisp |
| 18:30 | Wisp |
| 18:30 | Wisp |
| 18:31 | Wisp |
| 18:31 | Wisp |
| 18:31 | Wisp |
| 18:32 | Wisp |
| 18:32 | Wisp |
| 18:32 | Wisp |
| 19:35 | Archer |
| 19:37 | Hippogryph |
| 19:38 | Advanced Moon Armor |
| 19:58 | Moon Well |
| 20:05 | Moon Well |
| 20:06 | Moon Well |
| 20:07 | Moon Well |
| 20:26 | Tranquility |
| 21:02 | Archer |
| 21:04 | Hippogryph |
| 21:08 | Moon Well |
| 21:09 | Moon Well |
| 21:15 | Archer |
| 21:17 | Hippogryph |
| 21:46 | Archer |
| 21:46 | Hippogryph |
| 21:54 | Moon Well |
| 21:55 | Moon Well |
| 21:56 | Moon Well |
| 21:58 | Moon Well |
| 22:06 | Moon Well |
| 22:26 | Archer |
| 22:53 | Force of Nature |
| 22:53 | Archer |
| 22:54 | Hippogryph |
| 23:01 | Tree of Life |
| 23:07 | Archer |
| 23:27 | Archer |
| 23:28 | Hippogryph |
| 23:40 | Scroll of Town Portal |
| 23:40 | Potion of Healing |
| 24:03 | Periapt of Vitality |
| 24:13 | Archer |
| 24:14 | Archer |
| 24:15 | Hippogryph |
| 24:31 | Archer |
| 24:39 | Strength of the Wild |
| 24:55 | Archer |
| 24:56 | Hippogryph |
| 25:11 | Hippogryph |
| 25:20 | Tree of Life |
| 26:00 | Hippogryph |
| 26:04 | Moon Well |
| 26:17 | Hippogryph |
| 26:37 | Moon Well |
| 26:59 | Moon Well |
| 27:15 | Moon Well |
| 27:21 | Moon Well |
| 28:08 | Moon Well |
| 28:10 | Moon Well |
| 28:38 | Wisp |
| 28:39 | Wisp |
| 28:39 | Wisp |
| 28:39 | Wisp |
| 29:19 | Chimaera Roost |
| 29:20 | Chimaera Roost |
| 29:20 | Chimaera Roost |
| 29:39 | Thorns Aura |
| 29:42 | Moon Well |
| 30:38 | Moon Well |
| 30:39 | Moon Well |
| 30:42 | Moon Well |
| 31:04 | Chimaera |
| 31:06 | Ancient of Wonders |
| 31:08 | Moon Well |
| 31:09 | Moon Well |
| 31:11 | Ancient of Wonders |
| 31:15 | Moon Well |
| 31:17 | Moon Well |
| 31:30 | Thorns Aura |
| 31:41 | Moon Well |
| 32:07 | Moon Well |
| 32:10 | Moon Well |
| 32:11 | Moon Well |
| 32:12 | Moon Well |
| Select group | 1584 |
| Right click | 1109 |
| Select | 560 |
| Misc. action | 226 |
| Build/train/purchase | 203 |
| Use ability | 67 |
| Assign group | 37 |
| Esc | 7 |
| Item give/drop | 2 |
115 units @ 11.6k
/ 2.2k
173 buildings @ 10.6k
/ 5.5k
DudeWhy
(236)
(32:17) : 


| Peasant | 25 | 1875 | / | 0 |
| Mortar Team | 13 | 2340 | / | 910 |
| Flying Machine | 5 | 500 | / | 150 |
| total: | 43 | 4715g | / | 1060w |
| Scout Tower | 59 | 1770 | / | 1180 |
| Arcane Tower | 7 | 490 | / | 350 |
| Guard Tower | 25 | 1750 | / | 1250 |
| Altar of Kings | 1 | 180 | / | 50 |
| Farm | 9 | 720 | / | 180 |
| Lumber Mill | 1 | 120 | / | 0 |
| Town Hall | 2 | 770 | / | 410 |
| Blacksmith | 1 | 140 | / | 60 |
| Cannon Tower | 1 | 120 | / | 100 |
| Workshop | 2 | 280 | / | 280 |
| Keep | 1 | 320 | / | 210 |
| Castle | 1 | 360 | / | 210 |
| total: | 75 | 3980g | / | 2160w |
| 0:02 | Peasant |
| 0:08 | Peasant |
| 0:18 | Altar of Kings |
| 0:19 | Peasant |
| 0:33 | Farm |
| 0:48 | Peasant |
| 0:49 | Lumber Mill |
| 0:50 | Peasant |
| 0:54 | Farm |
| 0:55 | Peasant |
| 1:06 | Peasant |
| 1:22 | Peasant |
| 1:35 | Peasant |
| 1:41 | Farm |
| 1:47 | Peasant |
| 1:52 | Improved Lumber Harvesting |
| 2:20 | Peasant |
| 2:26 | Storm Bolt |
| 2:42 | Peasant |
| 3:03 | Town Hall |
| 3:10 | Scout Tower |
| 3:12 | Peasant |
| 3:21 | Scout Tower |
| 3:35 | Arcane Tower |
| 4:06 | Peasant |
| 4:09 | Scout Tower |
| 4:10 | Guard Tower |
| 4:11 | Scout Tower |
| 4:12 | Scout Tower |
| 4:21 | Peasant |
| 4:21 | Peasant |
| 4:36 | Scout Tower |
| 4:37 | Scout Tower |
| 4:40 | Guard Tower |
| 5:00 | Guard Tower |
| 5:05 | Peasant |
| 5:05 | Peasant |
| 5:11 | Improved Masonry |
| 5:14 | Guard Tower |
| 5:16 | Scout Tower |
| 5:16 | Scout Tower |
| 5:17 | Scout Tower |
| 5:38 | Keep |
| 5:41 | Guard Tower |
| 5:50 | Scout Tower |
| 5:52 | Scout Tower |
| 6:12 | Scout Tower |
| 6:13 | Scout Tower |
| 6:15 | Scout Tower |
| 6:17 | Guard Tower |
| 6:24 | Scout Tower |
| 6:26 | Scout Tower |
| 6:28 | Guard Tower |
| 6:34 | Guard Tower |
| 6:49 | Arcane Tower |
| 6:52 | Scout Tower |
| 6:53 | Scout Tower |
| 6:54 | Scout Tower |
| 7:03 | Guard Tower |
| 7:04 | Scout Tower |
| 7:06 | Scout Tower |
| 7:14 | Arcane Tower |
| 7:30 | Arcane Tower |
| 7:33 | Scout Tower |
| 7:34 | Scout Tower |
| 7:34 | Scout Tower |
| 7:48 | Arcane Tower |
| 8:00 | Advanced Lumber Harvesting |
| 8:01 | Advanced Masonry |
| 8:04 | Guard Tower |
| 8:10 | Peasant |
| 8:10 | Peasant |
| 8:10 | Peasant |
| 8:10 | Peasant |
| 8:25 | Guard Tower |
| 8:36 | Guard Tower |
| 8:40 | Scout Tower |
| 8:41 | Scout Tower |
| 8:55 | Scout Tower |
| 8:56 | Scout Tower |
| 8:56 | Scout Tower |
| 8:57 | Scout Tower |
| 8:57 | Scout Tower |
| 9:13 | Holy Light |
| 9:14 | Guard Tower |
| 9:21 | Blacksmith |
| 9:40 | Guard Tower |
| 9:54 | Guard Tower |
| 10:08 | Holy Light |
| 10:55 | Workshop |
| 11:02 | Scout Tower |
| 11:04 | Scout Tower |
| 11:05 | Scout Tower |
| 11:06 | Scout Tower |
| 11:11 | Castle |
| 11:14 | Scout Tower |
| 11:17 | Scout Tower |
| 11:19 | Scout Tower |
| 11:34 | Guard Tower |
| 11:37 | Guard Tower |
| 11:38 | Scout Tower |
| 11:40 | Scout Tower |
| 11:49 | Scout Tower |
| 11:50 | Scout Tower |
| 12:00 | Mortar Team |
| 12:01 | Mortar Team |
| 12:03 | Farm |
| 12:12 | Guard Tower |
| 12:17 | Guard Tower |
| 12:19 | Guard Tower |
| 12:35 | Cannon Tower |
| 12:37 | Arcane Tower |
| 12:54 | Mortar Team |
| 12:55 | Black Gunpowder |
| 13:45 | Scout Tower |
| 13:47 | Scout Tower |
| 13:54 | Scout Tower |
| 14:02 | Scout Tower |
| 14:05 | Flare |
| 14:08 | Refined Gunpowder |
| 14:17 | Scout Tower |
| 14:35 | Guard Tower |
| 14:36 | Scout Tower |
| 14:42 | Scout Tower |
| 14:42 | Scout Tower |
| 15:01 | Guard Tower |
| 15:07 | Scout Tower |
| 15:08 | Scout Tower |
| 15:09 | Guard Tower |
| 15:11 | Scout Tower |
| 15:17 | Fragmentation Shards |
| 15:18 | Mortar Team |
| 15:18 | Mortar Team |
| 15:22 | Farm |
| 15:23 | Farm |
| 15:36 | Storm Bolt |
| 15:37 | Storm Bolt |
| 15:38 | Divine Shield |
| 15:47 | Arcane Tower |
| 16:06 | Mortar Team |
| 16:38 | Guard Tower |
| 18:21 | Divine Shield |
| 18:50 | Mortar Team |
| 18:50 | Mortar Team |
| 19:24 | Workshop |
| 19:33 | Scout Tower |
| 19:34 | Scout Tower |
| 19:35 | Scout Tower |
| 19:35 | Scout Tower |
| 19:36 | Scout Tower |
| 19:53 | Mortar Team |
| 19:54 | Mortar Team |
| 20:10 | Town Hall |
| 20:13 | Guard Tower |
| 20:45 | Mortar Team |
| 21:23 | Bash |
| 22:53 | Flak Cannons |
| 22:53 | Flying Machine Bombs |
| 23:32 | Peasant |
| 23:32 | Peasant |
| 23:32 | Peasant |
| 23:48 | Imbued Gunpowder |
| 23:53 | Holy Light |
| 23:54 | Bash |
| 23:56 | Holy Light |
| 24:53 | Flying Machine |
| 24:54 | Flying Machine |
| 24:54 | Flying Machine |
| 24:54 | Flying Machine |
| 25:16 | Flying Machine |
| 25:37 | Farm |
| 25:37 | Farm |
| 26:12 | Brilliance Aura |
| 26:16 | Farm |
| 30:26 | Mortar Team |
| 30:26 | Mortar Team |
| Right click | 1392 |
| Select | 508 |
| Select group | 425 |
| Build/train/purchase | 119 |
| Use ability | 80 |
| Misc. action | 78 |
| Resource trade | 61 |
| Assign group | 22 |
| Remove unit | 3 |
| Esc | 3 |
| Minimap ping | 2 |



| Peasant | 15 | 1125 | / | 0 |
| Flying Machine | 32 | 3200 | / | 960 |
| Dragonhawk Rider | 2 | 400 | / | 60 |
| Priest | 2 | 270 | / | 20 |
| total: | 51 | 4995g | / | 1040w |
| Scout Tower | 56 | 1680 | / | 1120 |
| Arcane Tower | 7 | 490 | / | 350 |
| Guard Tower | 20 | 1400 | / | 1000 |
| Altar of Kings | 1 | 180 | / | 50 |
| Farm | 16 | 1280 | / | 320 |
| Lumber Mill | 1 | 120 | / | 0 |
| Blacksmith | 1 | 140 | / | 60 |
| Arcane Vault | 1 | 130 | / | 30 |
| Cannon Tower | 2 | 240 | / | 200 |
| Workshop | 3 | 420 | / | 420 |
| Gryphon Aviary | 1 | 140 | / | 150 |
| Arcane Sanctum | 1 | 150 | / | 140 |
| Keep | 1 | 320 | / | 210 |
| Castle | 1 | 360 | / | 210 |
| total: | 81 | 4240g | / | 2290w |
| 0:03 | Peasant |
| 0:03 | Peasant |
| 0:07 | Altar of Kings |
| 0:10 | Farm |
| 0:11 | Farm |
| 0:28 | Peasant |
| 0:35 | Peasant |
| 0:44 | Peasant |
| 0:45 | Peasant |
| 1:12 | Scout Tower |
| 1:14 | Peasant |
| 1:19 | Peasant |
| 1:19 | Peasant |
| 1:42 | Arcane Tower |
| 1:46 | Peasant |
| 1:55 | Lumber Mill |
| 2:01 | Peasant |
| 2:10 | Peasant |
| 2:19 | Peasant |
| 2:19 | Peasant |
| 2:22 | Farm |
| 2:34 | Storm Bolt |
| 2:38 | Peasant |
| 3:05 | Scout Tower |
| 3:06 | Scout Tower |
| 3:07 | Scout Tower |
| 3:09 | Scout Tower |
| 3:16 | Scout Tower |
| 3:26 | Improved Lumber Harvesting |
| 3:34 | Keep |
| 3:47 | Guard Tower |
| 3:51 | Scout Tower |
| 4:04 | Guard Tower |
| 4:07 | Scout Tower |
| 4:11 | Scout Tower |
| 4:15 | Guard Tower |
| 4:18 | Scout Tower |
| 4:22 | Scout Tower |
| 4:24 | Scout Tower |
| 4:29 | Blacksmith |
| 4:31 | Farm |
| 4:32 | Farm |
| 4:33 | Improved Masonry |
| 4:41 | Farm |
| 4:47 | Arcane Tower |
| 4:49 | Arcane Tower |
| 4:50 | Guard Tower |
| 4:55 | Guard Tower |
| 5:02 | Scout Tower |
| 5:03 | Scout Tower |
| 5:30 | Scout Tower |
| 5:31 | Scout Tower |
| 5:43 | Guard Tower |
| 5:50 | Black Gunpowder |
| 5:58 | Scout Tower |
| 6:03 | Guard Tower |
| 6:05 | Guard Tower |
| 6:12 | Scout Tower |
| 6:16 | Scout Tower |
| 6:19 | Scout Tower |
| 6:21 | Castle |
| 6:26 | Workshop |
| 6:34 | Guard Tower |
| 6:48 | Advanced Masonry |
| 7:00 | Scout Tower |
| 7:04 | Guard Tower |
| 7:10 | Advanced Lumber Harvesting |
| 7:12 | Refined Gunpowder |
| 7:21 | Workshop |
| 7:55 | Workshop |
| 8:02 | Flying Machine |
| 8:46 | Flying Machine |
| 8:46 | Flying Machine |
| 8:51 | Scout Tower |
| 8:55 | Flak Cannons |
| 8:59 | Farm |
| 9:17 | Flying Machine Bombs |
| 9:20 | Guard Tower |
| 9:21 | Scout Tower |
| 9:23 | Scout Tower |
| 9:25 | Scout Tower |
| 9:41 | Flying Machine |
| 9:41 | Flying Machine |
| 9:41 | Flying Machine |
| 9:44 | Farm |
| 9:48 | Scout Tower |
| 9:51 | Scout Tower |
| 9:53 | Scout Tower |
| 9:59 | Flying Machine |
| 10:18 | Farm |
| 10:53 | Guard Tower |
| 11:04 | Flying Machine |
| 11:04 | Flying Machine |
| 11:04 | Flying Machine |
| 11:17 | Guard Tower |
| 11:28 | Scout Tower |
| 11:31 | Scout Tower |
| 11:32 | Scout Tower |
| 11:57 | Gryphon Aviary |
| 12:02 | Arcane Vault |
| 12:18 | Flying Machine |
| 12:18 | Flying Machine |
| 12:19 | Flying Machine |
| 12:19 | Flying Machine |
| 12:26 | Imbued Gunpowder |
| 12:56 | Flying Machine |
| 12:59 | Imbued Masonry |
| 13:12 | Farm |
| 13:17 | Iron Plating |
| 13:29 | Guard Tower |
| 13:41 | Cloud |
| 13:42 | Dragonhawk Rider |
| 13:42 | Dragonhawk Rider |
| 14:23 | Farm |
| 14:28 | Farm |
| 17:32 | Siphon Mana |
| 18:47 | Arcane Sanctum |
| 19:18 | Flying Machine |
| 19:18 | Flying Machine |
| 19:18 | Flying Machine |
| 19:18 | Flying Machine |
| 19:18 | Flying Machine |
| 19:19 | Flying Machine |
| 21:04 | Flying Machine |
| 21:04 | Flying Machine |
| 21:04 | Flying Machine |
| 21:17 | Flame Strike |
| 23:38 | Scout Tower |
| 23:39 | Scout Tower |
| 23:39 | Scout Tower |
| 23:40 | Scout Tower |
| 23:40 | Scout Tower |
| 23:41 | Scout Tower |
| 23:42 | Scout Tower |
| 23:42 | Scout Tower |
| 23:43 | Scout Tower |
| 23:44 | Scout Tower |
| 24:18 | Guard Tower |
| 24:39 | Scout Tower |
| 24:40 | Scout Tower |
| 24:40 | Scout Tower |
| 24:41 | Scout Tower |
| 24:42 | Scout Tower |
| 24:51 | Guard Tower |
| 24:53 | Guard Tower |
| 25:10 | Scout Tower |
| 25:10 | Scout Tower |
| 25:11 | Scout Tower |
| 25:12 | Scout Tower |
| 25:12 | Scout Tower |
| 25:17 | Guard Tower |
| 25:27 | Guard Tower |
| 25:31 | Scout Tower |
| 25:36 | Scout Tower |
| 25:39 | Cannon Tower |
| 25:53 | Arcane Tower |
| 25:56 | Arcane Tower |
| 26:01 | Farm |
| 26:02 | Farm |
| 26:02 | Farm |
| 26:03 | Farm |
| 26:30 | Cannon Tower |
| 26:31 | Arcane Tower |
| 26:34 | Scout Tower |
| 26:35 | Scout Tower |
| 26:36 | Scout Tower |
| 26:38 | Steel Plating |
| 27:19 | Arcane Tower |
| 27:36 | Guard Tower |
| 27:46 | Magic Sentry |
| 27:48 | Priest Adept Training |
| 27:49 | Priest |
| 27:49 | Priest |
| 28:00 | Flying Machine |
| 28:01 | Flying Machine |
| 28:01 | Flying Machine |
| 28:01 | Flying Machine |
| 28:12 | Mithril Plating |
| 29:38 | Flying Machine |
| 29:38 | Flying Machine |
| 29:38 | Flying Machine |
| 29:38 | Flying Machine |
| 31:28 | Divine Shield |
| Right click | 1632 |
| Select group | 702 |
| Select | 645 |
| Build/train/purchase | 115 |
| Minimap ping | 21 |
| Assign group | 17 |
| Use ability | 15 |
| Resource trade | 14 |
| Chat | 4 |
| Misc. action | 3 |
| Remove unit | 3 |
| Esc | 1 |
Cabeelibob
(194)
(32:15) : 
| Orb of Lightning | 1 | 375 |
| Lesser Clarity Potion | 4 | 280 |
| Tiny Great Hall | 1 | 600 |
| Boots of Speed | 1 | 250 |
| Staff of Teleportation | 1 | 150 |
| total: | 8 | 1655g |
| Peon | 17 | 1275 | / | 0 |
| Troll Witch Doctor | 4 | 580 | / | 100 |
| total: | 21 | 1855g | / | 100w |
| Watch Tower | 7 | 770 | / | 560 |
| Altar of Storms | 2 | 360 | / | 100 |
| Orc Burrow | 4 | 640 | / | 160 |
| War Mill | 1 | 205 | / | 0 |
| Voodoo Lounge | 2 | 260 | / | 60 |
| Spirit Lodge | 1 | 150 | / | 150 |
| Stronghold | 1 | 315 | / | 190 |
| Fortress | 1 | 325 | / | 190 |
| total: | 17 | 2385g | / | 1030w |
| 0:05 | Altar of Storms |
| 0:12 | Orc Burrow |
| 0:14 | Peon |
| 0:17 | Peon |
| 0:24 | Peon |
| 0:35 | Peon |
| 1:06 | War Mill |
| 1:16 | Voodoo Lounge |
| 1:18 | Peon |
| 1:24 | Peon |
| 1:53 | Peon |
| 1:57 | Orc Burrow |
| 2:07 | Peon |
| 2:24 | Peon |
| 2:34 | Wind Walk |
| 2:48 | Stronghold |
| 4:27 | Watch Tower |
| 5:13 | Fortress |
| 5:17 | Watch Tower |
| 5:17 | Watch Tower |
| 5:19 | Watch Tower |
| 5:40 | Watch Tower |
| 5:41 | Watch Tower |
| 5:43 | Watch Tower |
| 6:02 | Bash |
| 6:03 | Critical Strike |
| 6:04 | Bash |
| 7:07 | Reinforced Defenses |
| 7:38 | Spirit Lodge |
| 9:06 | Witch Doctor Adept Training |
| 10:45 | Wind Walk |
| 10:51 | Witch Doctor Master Training |
| 10:55 | Peon |
| 10:55 | Peon |
| 10:55 | Peon |
| 11:02 | Orb of Lightning |
| 11:40 | Boots of Speed |
| 11:41 | Staff of Teleportation |
| 12:46 | Troll Witch Doctor |
| 12:46 | Troll Witch Doctor |
| 12:46 | Troll Witch Doctor |
| 12:46 | Troll Witch Doctor |
| 14:50 | Lesser Clarity Potion |
| 14:53 | Lesser Clarity Potion |
| 14:58 | Tiny Great Hall |
| 16:02 | Peon |
| 16:03 | Peon |
| 16:03 | Peon |
| 16:03 | Peon |
| 16:03 | Peon |
| 16:32 | Critical Strike |
| 19:43 | Altar of Storms |
| 19:45 | Orc Burrow |
| 20:12 | Orc Burrow |
| 24:54 | Critical Strike |
| 26:36 | Bladestorm |
| 27:27 | Voodoo Lounge |
| 28:29 | Lesser Clarity Potion |
| 28:35 | Lesser Clarity Potion |
| Right click | 1111 |
| Select | 226 |
| Misc. action | 144 |
| Select group | 112 |
| Resource trade | 106 |
| Build/train/purchase | 70 |
| Use ability | 21 |
| Assign group | 6 |
| Chat | 4 |
| Minimap ping | 3 |
| Item give/drop | 2 |
⇛